 Dungeon Crawl Stone Soup version 0.28-a0-819-g6ef7baa362 (webtiles) character file.

Game seed: 13363866439882972387

354 Zenkrye the Insei (level 6, -1/41 HPs)
             Began as an Octopode Transmuter on Nov 8, 2021.
             Slain by a water moccasin skeleton (7 damage)
             ... on level 4 of the Dungeon.
             The game lasted 00:14:44 (5577 turns).

Zenkrye the Insei (Octopode Transmuter)             Turns: 5577, Time: 00:14:45

Health: -1/41      AC:  2    Str:  9    XL:     6   Next: 62%
Magic:  6/10       EV: 20    Int: 17    God:
Gold:   68         SH:  0    Dex: 18    Spells: 1/11 levels left

rFire   . . .      SeeInvis .     - Unarmed
rCold   + . .      Faith    .   (shield currently unavailable)
rNeg    . . .      Spirit   .   (helmet currently unavailable)
rPois   x          Reflect  .   (no amulet)
rElec   .          Harm     .   c - ring of protection from cold
rCorr   .          Rampage  .   (no ring)
Will    .....                   (no ring)
Stlth   ++........              (no ring)
HPRegen 0.13/turn               (no ring)
MPRegen 0.12/turn               (no ring)
                                (no ring)
                                (no ring)

@: spider-form (expiring), wereblooded (expiring)
A: venomous fangs, almost no armour, (amphibious), 8 rings, tiny, (camouflage
1), (gelatinous body 1), (nimble swimmer 1), (tentacles)
a: End Transformation


You were on level 4 of the Dungeon.
You were a venomous arachnid creature.
You visited 1 branch of the dungeon, and saw 4 of its levels.

You collected 68 gold pieces.

Inventory:

Missiles
 a - 19 sling bullets
 b - 4 boomerangs
 g - 98 stones (quivered)
Magical Staves
 f - a staff of poison (melded)
Jewellery
 c - a ring of protection from cold (left front leg)
Scrolls
 d - a scroll of magic mapping
 i - 2 scrolls of fog
Potions
 e - a potion of curing {@q1}
 h - 2 potions of mutation
 j - a potion of cancellation
 k - a potion of flight {unknown}


   Skills:
 + Level 2.9 Fighting
 + Level 2.6 Dodging
 * Level 4.3 Unarmed Combat
 - Level 3.0 Spellcasting
 + Level 3.5 Transmutations
 + Level 0.7 Ice Magic
 - Level 2.0 Poison Magic


You had one spell level left.
You knew the following spells:

 Your Spells              Type           Power      Damage    Failure   Level
a - Beastly Appendage     Tmut           28%        N/A       13%         1
b - Spider Form           Tmut/Pois      12%        N/A       36%         3
c - Ice Form              Ice/Tmut       9%         N/A       77%         4
d - Wereblood             Tmut           14%        N/A       17%         2

Your spell library contained the following spells:

 Spells                   Type           Power      Damage    Failure   Level


Dungeon Overview and Level Annotations

Branches:
Dungeon (4/15)
 Temple: D:4-7

Altars:
Okawaru
Xom

Shops:
D:3 [   D:4 [

Annotations:
D:3 2 runed translucent doors


Innate Abilities, Weirdness & Mutations

You are a venomous arachnid creature.
You have poisonous fangs.
You are tiny and dextrous.
Your spellcasting is less reliable in this form.
Your armour is entirely melded.
You are incapable of wielding weapons or throwing items.
You cannot wear most types of armour.
((You are amphibious.))
You can wear up to eight rings at the same time.
((Your skin changes colour to match your surroundings (Stealth+).))
((Your rubbery body absorbs attacks. (AC +1, EV +1)))
((You are camouflaged near water. (Stealth+)))
((You have tentacles for arms and can constrict up to eight enemies at once.))


Message History

You barely miss the iguana. You hit the iguana.
The iguana is poisoned.
The iguana is moderately wounded.
The iguana completely misses you.
You completely miss the iguana.
The iguana is moderately wounded.
The iguana closely misses you.
You hit the iguana but do no damage.
The iguana looks as sick as possible!
The iguana is moderately wounded.
You hiss as the wereblood boils in your veins!
You hit the iguana but do no damage.
The iguana looks as sick as possible!
The iguana is moderately wounded.
The iguana barely misses you.
You barely miss the iguana.
The iguana is moderately wounded.
The iguana misses you.
You hit the iguana but do no damage.
The iguana looks as sick as possible!
The iguana is heavily wounded.
The iguana bites you!
You barely miss the iguana.
The iguana is heavily wounded.
The iguana bites you!
You are too injured to fight recklessly!
You are too injured to fight recklessly!
You are too injured to fight recklessly!
You hit the iguana but do no damage.
The iguana looks as sick as possible!
The iguana is heavily wounded.
You hiss as the wereblood boils in your veins!
Your transformation is almost over.
The iguana bites you!
* * * LOW HITPOINT WARNING * * *
You hit the iguana.
You feel a bit better.
You kill the iguana!
You hit the water moccasin skeleton.
The water moccasin skeleton is heavily damaged.
Your primal bloodlust is almost over.
The water moccasin skeleton bites you.
* * * LOW HITPOINT WARNING * * *
The water moccasin skeleton bites you!
You die...

..........####.#.#.#
.......)..######.#.#
..........#(.....#.#
.####.....#....†##.#
.####.....#..##....#
>.......###..###########
####.#.................#
#.############......#
#.# #.....Zs......# #.#
#.######.....## #.#
#.....# ... #.....# #.#
#######


You could see a water moccasin skeleton.

Vanquished Creatures
  A water moccasin skeleton (D:3)
  A hound (D:3)
  2 iguanas (D:4)
  2 orc wizards (D:3)
  A hound skeleton (D:4)
  7 adders
  3 dart slugs
  8 orcs
  11 endoplasms
  4 giant cockroaches
  3 goblins
  7 hobgoblins
  6 jackals
  11 quokkas
  2 ball pythons
  2 bats
  3 frilled lizards
  5 kobolds
  4 rats
83 creatures vanquished.

Notes
Turn   | Place    | Note
-------+----------+-------------------------------------------
     0 | D:1      | Zenkrye the Octopode Transmuter began the quest for the
                  | Orb.
     0 | D:1      | Reached XP level 1. HP: 13/13 MP: 3/3
   520 | D:1      | Reached XP level 2. HP: 5/18 MP: 3/5
  1109 | D:1      | Reached XP level 3. HP: 23/24 MP: 4/6
  1224 | D:1      | Learned a level 3 spell: Spider Form
  1915 | D:2      | Found a faded altar of an unknown god.
  2607 | D:2      | Reached skill level 1 in Poison Magic
  2810 | D:2      | Reached XP level 4. HP: 26/29 MP: 5/7
  3308 | D:3      | Reached XP level 5. HP: 21/34 MP: 5/9
  3504 | D:3      | Learned a level 4 spell: Ice Form
  4061 | D:3      | Found a large runed translucent door.
  4089 | D:3      | Found a large runed translucent door.
  4099 | D:3      | Found an iron altar of Okawaru.
  4117 | D:3      | Found a shimmering altar of Xom.
  4153 | D:3      | Reached XP level 6. HP: 30/41 MP: 7/10
  4169 | D:3      | Learned a level 2 spell: Wereblood
  4290 | D:3      | Found Jaicul's Armour Shop.
  4723 | D:4      | Found Errin's Antique Armour Shoppe.
  4771 | D:4      | Reached skill level 4 in Unarmed Combat
  5577 | D:4      | Slain by a water moccasin skeleton

Illustrated notes

Levels and vault maps discovered:
D:1:      elethiomel_arrival_infinity_welcomes_careful_drivers,
          layout_loops_ring, kennysheep_doodads
D:2:      layout_basic, shapermc_ecumenical_altar_hornbeckon,
          minmay_tetromino_s2
D:3:      due_chaos_kobolds, layout_basic, mainiacjoe_overflow_surrounded_room,
          serial_shops, nicolae_shop_statue_plus, grunt_decor_resistance
D:4:      layout_basic, serial_shops, shop, kennysheep_generic_room_8

Skill      XL: |  1  2  3  4  5  6 |
---------------+-------------------+-----
Fighting       | 2 |  2.9
Poison Magic   | 1 2 |  2.0
Transmutations | 3 |  3.5
Spellcasting   | 3 |  3.0
Unarmed Combat | 4 |  4.3
Dodging        | |  2.6
Ice Magic      | |  0.7

Action                   |  1- 3 |  4- 6 || total
-------------------------+-------+-------++-------
Melee: Unarmed           |    94 |   124 ||   218
       Constrict         |    21 |     8 ||    29
       Kick              |    14 |     3 ||    17
       Tentacles         |     7 |     4 ||    11
       Staff             |       |    18 ||    18
Throw: Stone             |    58 |    29 ||    87
 Cast: Beastly Appendage |    22 |     5 ||    27
       Spider Form       |       |    23 ||    23
       Wereblood         |       |     1 ||     1
 Abil: End Transformatio |       |     1 ||     1
  Use: Potion            |     3 |       ||     3
       Scroll            |     3 |     6 ||     9
 Stab: Sleeping          |     4 |     3 ||     7
Armor: Skin              |     3 |     6 ||     9
Dodge: Dodged            |    45 |    89 ||   134

Table legend: (Time is in decaauts)
 A = Elapsed time spent in this place.
 B = Non-inter-level travel time spent in this place.
 C = Inter-level travel time spent in this place.
 D = Time resting spent in this place.
 E = Time spent auto-exploring this place.
 F = Levels seen in this place.
 G = Mean time per level.
                   A        B        C        D        E       F      G
               +--------+--------+--------+--------+--------+-----+--------+
         Total |   5573 |   5463 |    110 |    199 |   4426 |   4 | 1393.2 |
       Dungeon |   5573 |   5463 |    110 |    199 |   4426 |   4 | 1393.2 |
               +--------+--------+--------+--------+--------+-----+--------+

Top non-repeatable levels by time:
     D:1: 1722 daAuts
     D:3: 1560 daAuts
     D:2: 1434 daAuts
     D:4: 856 daAuts
